[Event "ECo-C Extraliga 2023-24"]
[Site "Slovakia"]
[Date "2024.02.24"]
[Round "7.2"]
[White "Manik, Mikulas"]
[Black "Hrbek, Stepan"]
[Result "1/2-1/2"]
[ECO "C78"]
[WhiteElo "2342"]
[BlackElo "2426"]
[Annotator "ChessBase"]
[PlyCount "207"]
[EventDate "2023.10.06"]
[EventType "team-tourn"]
[EventCountry "SVK"]
[SourceTitle "playchess.com"]
[Source "ChessBase"]
[SourceQuality "1"]
[TimeControl "40/5400+30:1800+30"]

1. e4 e5 2. Nf3 Nc6 3. Bb5 a6 4. Ba4 Nf6 5. O-O b5 6. Bb3 Bc5 7. a4 Rb8 8. c3 d6 9. d4 Bb6 10. a5 Ba7 11. h3 Bb7 12. Be3 Nxe4 13. dxe5 Bxe3 14. fxe3 O-O 15. exd6 Qxd6 16. Qxd6 Nxd6 17. Nbd2 Rbe8 18. e4 Nxe4 19. Nxe4 Rxe4 20. Ng5 Re7 21. Nxf7 Rfxf7 22. Rad1 Bc8 23. Rxf7 Rxf7 24. Rf1 Nd8 25. Bxf7+ Nxf7 26. Re1 Kf8 27. Kf2 Nd8 28. g4 Ne6 29. Ke3 Bb7 30. h4 h6 31. Rf1+ Ke7 32. b4 Nf8 33. Kd4 Bc8 34. Re1+ Ne6+ 35. Ke5 g6 36. c4 bxc4 37. Rc1 c6 38. Rxc4 Bd7 39. Re4 Nd8 40. g5 hxg5 41. hxg5 Nf7+ 42. Kf4+ Be6 43. Re2 Kd6 44. Rd2+ Bd5 45. Rh2 Ne5 46. Rh7 Be6 47. Ke3 Bf5 48. Ra7 Bd3 49. Kd4 Bf1 50. Ra8 Nf3+ 51. Ke3 Nxg5 52. Rg8 Ne6 53. Rxg6 Kd5 54. Kd2 Nd4 55. Rg5+ Kd6 56. Rg6+ Ne6 57. Kc3 Bb5 58. Rh6 Ke5 59. Rh5+ Ke4 60. Rh8 Nc7 61. Rh4+ Ke5 62. Rh5+ Ke4 63. Rh4+ Kd5 64. Rh5+ Kd6 65. Rh6+ Ne6 66. Rh4 Be2 67. Rh2 Bf3 68. Rh6 Be2 69. Rh2 Nf4 70. Rh6+ Kd5 71. Rh8 Ke5 72. Re8+ Ne6 73. Re7 Kd6 74. Rh7 Nc7 75. Rh6+ Kd5 76. Rh2 Nb5+ 77. Kb2 Bd3 78. Rh5+ Kd4 79. Rh4+ Be4 80. Kb3 Nd6 81. Rg4 Nf5 82. Kb2 Ne3 83. Rh4 Nf5 84. Rg4 Ne3 85. Rh4 Nc4+ 86. Kc1 Ne3 87. Kb2 Kd3 88. Rh8 Bd5 89. Ra8 Bc4 90. Rd8+ Nd5 91. Rd6 Bb5 92. Kb3 Kd4 93. Rd8 Bc4+ 94. Kb2 Ke3 95. Re8+ Kd2 96. Rd8 Bd3 97. Rb8 Nc3 98. Rd8 Nd5 99. Rb8 Bb5 100. Kb3 Kd3 101. Rd8 Kd4 102. Rd6 Ke5 103. Rd8 Ke4 104. Re8+ 1/2-1/2

[Event "ECo-C Extraliga 2023-24"]
[Site "Slovakia"]
[Date "2024.02.24"]
[Round "7.2"]
[White "Solcan, Martin"]
[Black "Simacek, Pavel"]
[Result "0-1"]
[ECO "A00"]
[WhiteElo "2182"]
[BlackElo "2456"]
[Annotator "ChessBase"]
[PlyCount "86"]
[EventDate "2023.10.06"]
[EventType "team-tourn"]
[EventCountry "SVK"]
[SourceTitle "playchess.com"]
[Source "ChessBase"]
[SourceQuality "1"]
[TimeControl "40/5400+30:1800+30"]

1. g3 e5 2. c4 c6 3. d4 Bb4+ 4. Bd2 Bxd2+ 5. Qxd2 d6 6. Nc3 Nf6 7. Bg2 O-O 8. dxe5 dxe5 9. Qxd8 Rxd8 10. Nf3 Re8 11. O-O e4 12. Nd4 Na6 13. Rfd1 Kf8 14. Rac1 Re5 15. a3 Bd7 16. b4 Nc7 17. Nb3 Bf5 18. Rd6 Ke7 19. Rdd1 Rd8 20. Na5 Rxd1+ 21. Rxd1 Bc8 22. Rd4 c5 23. Rd1 cxb4 24. axb4 Na6 25. b5 Nc5 26. Rb1 Be6 27. f4 exf3 28. Bxf3 Re3 29. Rc1 b6 30. Nc6+ Kf8 31. Kf2 Rxc3 32. Rxc3 Nfe4+ 33. Ke3 Nxc3 34. Kd4 N3a4 35. Nxa7 Nb3+ 36. Kd3 Nbc5+ 37. Kd4 Nb3+ 38. Kd3 Na5 39. Bd5 Nb2+ 40. Kc3 Nbxc4 41. Bxe6 fxe6 42. Kb4 Nd6 43. e4 e5 0-1

[Event "ECo-C Extraliga 2023-24"]
[Site "Slovakia"]
[Date "2024.02.24"]
[Round "7.3"]
[White "Balogh, Csaba"]
[Black "Finek, Vaclav"]
[Result "1/2-1/2"]
[ECO "C42"]
[WhiteElo "2554"]
[BlackElo "2416"]
[Annotator "RC"]
[PlyCount "61"]
[EventDate "2023.10.06"]
[EventType "team-tourn"]
[EventCountry "SVK"]
[SourceTitle "playchess.com"]
[Source "ChessBase"]
[SourceQuality "1"]
[TimeControl "40/5400+30:1800+30"]

1. e4 e5 2. Nf3 Nf6 3. Nxe5 d6 4. Nf3 Nxe4 5. Bd3 Nf6 6. O-O Be7 7. Re1 O-O 8. h3 d5 9. c3 Bd6 10. Bc2 Re8 11. d4 Nbd7 12. Bg5 Rxe1+ 13. Qxe1 Nf8 14. Ne5 Be7 15. Nd2 Ne6 16. Bh4 Nd7 17. Bg3 Nxe5 18. Qxe5 Bf6 19. Qe2 g6 20. Nf3 Ng7 21. Ne5 Bf5 22. Ng4 Bxg4 23. hxg4 Qd7 24. Qf3 Be7 25. Re1 c6 26. Re3 Re8 27. Qe2 Bd6 28. Be5 Bxe5 29. Rxe5 Rxe5 30. Qxe5 Qe8 31. Qxe8+ 1/2-1/2

[Event "ECo-C Extraliga 2023-24"]
[Site "Slovakia"]
[Date "2024.02.24"]
[Round "7.3"]
[White "Krnan, Tomas"]
[Black "Sipos, Istvan"]
[Result "0-1"]
[ECO "C02"]
[WhiteElo "2435"]
[BlackElo "2457"]
[Annotator "TA"]
[PlyCount "154"]
[EventDate "2023.10.06"]
[EventType "team-tourn"]
[EventCountry "SVK"]
[SourceTitle "playchess.com"]
[Source "ChessBase"]
[SourceQuality "1"]
[TimeControl "40/5400+30:1800+30"]

1. e4 e6 2. d4 d5 3. e5 c5 4. c3 Nc6 5. Nf3 Bd7 6. Bd3 cxd4 7. O-O dxc3 8. bxc3 Rc8 9. Nbd2 Nge7 10. Rb1 Qc7 11. c4 dxc4 12. Nxc4 Nd5 13. Bb2 b5 14. Nd6+ Bxd6 15. exd6 Qxd6 16. Ng5 Qe7 17. h4 h6 18. Bxg7 Rg8 19. Bxh6 Qf6 20. Qf3 Ne5 21. Qxf6 Nxf6 22. Bxb5 Bxb5 23. Rxb5 Neg4 24. Nxe6 Nxh6 25. Ng5 Kf8 26. Rb7 Rc4 27. g3 Ne4 28. Nxe4 Rxe4 29. Rxa7 Rg6 (29... Rxh4 $2 30. Ra8+ Ke7 31. Rxg8 $18) 30. Kg2 (30. Kh2 $15) 30... Rxh4 $17 31. Rd1 Rb4 32. Rd3 Kg7 33. Rf3 Re6 34. Ra5 (34. Rf4 $17 Rxf4 35. gxf4) 34... Kg6 35. Ra8 Rb2 36. a3 (36. a4 $142) 36... Ra2 37. Ra4 $2 (37. Rf4) 37... f5 $19 38. Ra8 (38. g4 $142 Nxg4 39. Ra5) 38... Ree2 $2 (38... Ng4 39. Rg8+ Kh7) 39. Ra6+ $19 Kg5 40. Ra5 Kg6 ({Black should play} 40... Red2 $19 41. Rf4 Rd6) 41. Ra6+ $1 $17 Kg5 42. Ra5 $1 Re4 43. Kh3 Ra1 44. Rb3 Re6 45. Rb4 Kg6 46. Kg2 $2 {[%emt 0:09:21] [#]} (46. Rb2 $17) 46... Ra2 $1 $19 47. Rf4 Ng4 48. Kf1 Rd6 49. Ra8 Rdd2 50. Rg8+ Kh7 51. Rg5 Kh6 52. Rg8 Rxf2+ (52... Nxf2 53. Rh4#) 53. Rxf2 Rxf2+ (53... Nxf2 54. Rh8+ Kg6 55. Rh2 $11) 54. Kg1 Rf3 55. Kg2 Rxa3 56. Rh8+ Kg7 57. Rb8 Ra2+ 58. Kg1 Nf6 59. Rb7+ Kg6 60. Rb8 Kg5 61. Rf8 Rd2 62. Kf1 Ne4 63. Rg8+ Kh5 64. Kg1 Ng5 65. Kf1 Kg4 66. Kg1 Rd3 67. Kh2 Re3 ({And not} 67... Rxg3 68. Rxg5+ Kxg5 69. Kxg3 $11) 68. Rg7 Re2+ ({Not} 68... Rxg3 69. Rxg5+ Kxg5 70. Kxg3 $11) 69. Kg1 Kh5 70. Rg8 Ne4 71. Kf1 Rf2+ 72. Kg1 Rd2 73. Rg7 Kh6 74. Rg8 Kh7 75. Rf8 Kg6 ({Stronger than} 75... Nxg3 76. Rh8+ Kg7 77. Rg8+ Kf6 78. Rxg3 $15) 76. Rg8+ Kf7 77. Rb8 Rd3 0-1

[Event "ECo-C Extraliga 2023-24"]
[Site "Slovakia"]
[Date "2024.02.24"]
[Round "7.3"]
[White "Bochnicka, Vladimir"]
[Black "Havlicek, Libor"]
[Result "1-0"]
[ECO "B52"]
[WhiteElo "2398"]
[BlackElo "2295"]
[Annotator "RC"]
[PlyCount "67"]
[EventDate "2023.10.06"]
[EventType "team-tourn"]
[EventCountry "SVK"]
[SourceTitle "playchess.com"]
[Source "ChessBase"]
[SourceQuality "1"]
[TimeControl "40/5400+30:1800+30"]

1. e4 c5 2. Nf3 d6 3. Bb5+ Bd7 4. Bxd7+ Nxd7 5. O-O Ngf6 6. Qe2 e6 7. b3 Be7 8. Bb2 O-O 9. c4 e5 10. Nc3 Nh5 11. g3 g6 12. Ne1 Bg5 13. Ng2 Bh6 14. Qd3 Nb8 15. Nb5 Nc6 16. Qxd6 a6 17. Qxd8 Raxd8 18. Nc3 Nf6 19. f4 Bg7 20. Rad1 exf4 21. Rxf4 Rfe8 22. d3 Nb4 23. Na4 Nh5 24. Rf3 Bxb2 25. Nxb2 Nxa2 26. Rdf1 Nb4 27. Rxf7 Nxd3 28. Nxd3 Rxd3 29. g4 Ng7 30. Rxb7 Rxe4 31. Nf4 Rd2 32. Nd5 Ne8 33. Ne7+ Kh8 34. Nxg6+ 1-0

[Event "ECo-C Extraliga 2023-24"]
[Site "Slovakia"]
[Date "2024.02.24"]
[Round "7.3"]
[White "Mrva, Martin"]
[Black "Lecky, Juraj"]
[Result "1/2-1/2"]
[ECO "B90"]
[WhiteElo "2363"]
[BlackElo "2121"]
[Annotator "ChessBase"]
[PlyCount "84"]
[EventDate "2023.10.06"]
[EventType "team-tourn"]
[EventCountry "SVK"]
[SourceTitle "playchess.com"]
[Source "ChessBase"]
[SourceQuality "1"]
[TimeControl "40/5400+30:1800+30"]

1. e4 c5 2. Nf3 d6 3. d4 cxd4 4. Nxd4 Nf6 5. Nc3 a6 6. h3 e5 7. Nf3 Be7 8. Nh2 b5 9. Ng4 Nbd7 10. Ne3 Nb6 11. a4 bxa4 12. Bd3 O-O 13. O-O Bb7 14. Qf3 g6 15. Nxa4 Nxa4 16. Rxa4 a5 17. b3 Bc6 18. Ra2 Qc7 19. Nd5 Nxd5 20. exd5 Bd7 21. Bd2 f5 22. Qe2 Bf6 23. Qe1 a4 24. b4 e4 25. Be2 Be5 26. c4 f4 27. f3 e3 28. Bc3 Rf5 29. b5 Bxc3 30. Qxc3 Bxb5 31. Rb1 Bd7 32. Qd4 Rff8 33. Kh2 Rab8 34. Rxb8 Qxb8 35. Rb2 Qc7 36. Qc3 Bc8 37. Rb5 Qe7 38. Ra5 Qh4 39. Ra7 Rf7 40. Ra8 Rf8 41. Ra7 Rf7 42. Ra8 Rf8 1/2-1/2

[Event "ECo-C Extraliga 2023-24"]
[Site "Slovakia"]
[Date "2024.02.24"]
[Round "7.3"]
[White "Roubalik, Jakub"]
[Black "Chovan, Milan"]
[Result "1-0"]
[ECO "D87"]
[WhiteElo "2351"]
[BlackElo "2349"]
[Annotator "ChessBase"]
[PlyCount "59"]
[EventDate "2023.10.06"]
[EventType "team-tourn"]
[EventCountry "SVK"]
[SourceTitle "playchess.com"]
[Source "ChessBase"]
[SourceQuality "1"]
[TimeControl "40/5400+30:1800+30"]

1. d4 Nf6 2. c4 g6 3. Nc3 d5 4. cxd5 Nxd5 5. e4 Nxc3 6. bxc3 Bg7 7. Bc4 c5 8. Ne2 Nc6 9. Be3 O-O 10. O-O Bg4 11. f3 Na5 12. Bxf7+ Rxf7 13. fxg4 Rxf1+ 14. Kxf1 Qd6 15. e5 Qd5 16. Kg1 Nc4 17. Bf2 Rf8 18. Qb3 Bh6 19. h3 b5 20. Rd1 Qe4 21. Ng3 Qf4 22. Nh1 Kg7 23. Qxb5 Ne3 24. Rb1 cxd4 25. cxd4 Qxd4 26. Qb7 Qxe5 27. Re1 Rd8 28. Qb3 Qe4 29. Bxe3 Bxe3+ 30. Qxe3 1-0

[Event "ECo-C Extraliga 2023-24"]
[Site "Slovakia"]
[Date "2024.02.24"]
[Round "7.4"]
[White "Horvath, Jozsef"]
[Black "Lewtak, Damian"]
[Result "0-1"]
[ECO "A05"]
[WhiteElo "2411"]
[BlackElo "2337"]
[Annotator "ChessBase"]
[PlyCount "74"]
[EventDate "2023.10.06"]
[EventType "team-tourn"]
[EventCountry "SVK"]
[SourceTitle "playchess.com"]
[Source "ChessBase"]
[SourceQuality "1"]
[TimeControl "40/5400+30:1800+30"]

1. Nf3 Nf6 2. g3 b6 3. Bg2 Bb7 4. b3 e6 5. Bb2 Be7 6. c4 O-O 7. O-O d6 8. d4 c5 9. e3 Qc7 10. Nc3 Ne4 11. Ne2 Nd7 12. Nf4 Ng5 13. Nxg5 Bxg5 14. d5 e5 15. Nd3 Rae8 16. e4 Qd8 17. f4 exf4 18. gxf4 Bf6 19. Qd2 b5 20. cxb5 Qb6 21. Kh1 Qxb5 22. Rae1 c4 23. bxc4 Qxc4 24. Rc1 Qa4 25. Rfe1 Ba6 26. Bxf6 Nxf6 27. Nb4 Qa5 28. Qd4 Bc8 29. e5 Ng4 30. exd6 Qd8 31. h3 Qh4 32. Nd3 Bf5 33. Rxe8 Rxe8 34. d7 Bxd7 35. Kg1 Ne3 36. Ne5 Qg3 37. Qd2 Nxg2 0-1

[Event "ECo-C Extraliga 2023-24"]
[Site "Slovakia"]
[Date "2024.02.24"]
[Round "7.4"]
[White "Borhy, Marcell"]
[Black "Stohl, Igor"]
[Result "1/2-1/2"]
[ECO "E01"]
[WhiteElo "2385"]
[BlackElo "2424"]
[Annotator "RC"]
[PlyCount "26"]
[EventDate "2023.10.06"]
[EventType "team-tourn"]
[EventCountry "SVK"]
[SourceTitle "playchess.com"]
[Source "ChessBase"]
[SourceQuality "1"]
[TimeControl "40/5400+30:1800+30"]

1. d4 Nf6 2. c4 e6 3. g3 d5 4. Bg2 Bb4+ 5. Bd2 Bd6 6. Nf3 O-O 7. O-O c6 8. Qc2 Nbd7 9. Bg5 h6 10. Bxf6 Nxf6 11. Nbd2 b6 12. e4 Be7 13. e5 Nd7 1/2-1/2

[Event "ECo-C Extraliga 2023-24"]
[Site "Slovakia"]
[Date "2024.02.24"]
[Round "7.4"]
[White "Briestensky, Rastislav"]
[Black "Babula, Vlastimil"]
[Result "0-1"]
[ECO "B51"]
[WhiteElo "2290"]
[BlackElo "2535"]
[Annotator "TA"]
[PlyCount "78"]
[EventDate "2023.10.06"]
[EventType "team-tourn"]
[EventCountry "SVK"]
[SourceTitle "playchess.com"]
[Source "ChessBase"]
[SourceQuality "1"]
[TimeControl "40/5400+30:1800+30"]

1. e4 c5 2. Nf3 d6 3. Bb5+ Nd7 4. O-O Ngf6 5. Re1 a6 6. Bf1 b6 7. d4 cxd4 8. Nxd4 Bb7 9. f3 e6 10. c4 Rc8 11. Nc3 Be7 {[%emt 0:06:07] White is slightly better.} 12. Be3 O-O 13. Rc1 Re8 14. Kh1 Kh8 15. Bg1 g5 16. Nc2 Ne5 17. Ne3 Rg8 18. h3 (18. b3 $142) 18... Qf8 19. Bh2 Nfd7 20. Qd2 h5 21. Qf2 Rg6 22. Rcd1 Qg7 23. Be2 Rg8 24. g4 (24. Rf1 $11) 24... Rh6 $17 25. gxh5 (25. Ncd5 $142 exd5 26. Nf5) 25... Qh7 (25... Rxh5 $142 {Hoping for ...Qh7.} 26. f4 Rxh3 27. fxe5 Nxe5) 26. Ng4 Rxh5 27. Nxe5 (27. Bf1 $15) 27... Nxe5 $19 28. Bf1 {[%emt 0:03:35][%cal Oc4c5] [#]} (28. Bxe5+ dxe5 29. Kg2 f5 (29... Rxh3 30. Rh1 $17)) 28... g4 $1 29. fxg4 Rxg4 (29... Nxg4 $19 30. hxg4 Rxg4) 30. Re3 (30. hxg4 $2 Nxg4 31. Qg3 Rxh2+ (31... Nxh2 $2 32. Kg1 $19) 32. Kg1 Bh4 33. Qxh2 Nxh2 $19) (30. Re2 $17 {was the only chance.} Bxe4+ (30... Bh4 31. Qxb6 Bg3 32. Qe3 $15) 31. Nxe4 Rxe4 32. Rxe4 Qxe4+ 33. Bg2) 30... Rgh4 (30... Bxe4+ 31. Nxe4 Rxe4 32. Rc3 $17) (30... Bh4 $19 31. Qc2 Bg5 32. hxg4 Nxg4) 31. Bxe5+ $1 $15 Rxe5 ({Much worse is} 31... dxe5 32. Rd7 Rf4 (32... Bxe4+ $2 {is the wrong capture.} 33. Nxe4 Rxe4 34. Rxe7 $18) 33. Qe2 $11) 32. Bg2 f5 $36 {[%emt 0:01:50][%mdl 2048] Keeping White busy.} 33. Kg1 (33. Rg3 $17 {might work better.}) 33... fxe4 $19 {[%emt 0:03:00] [#] Strongly threatening ...Rf5.} ({Resist} 33... Bxe4 34. Nxe4 fxe4 35. Rg3 $15) 34. Na4 $2 (34. Rg3 $17 {is tougher.} e3 35. Qe2 Bxg2 36. Kxg2) 34... b5 35. cxb5 axb5 36. Nb6 d5 {[%emt 0:00:55] ...Rf5 would now be deadly.} 37. Nd7 Rf5 38. Qg3 Qg8 39. Qe1 $2 (39. b4) 39... Qc8 {[%emt 0:01:40] Weighted Error Value: White=0.58/Black=0.40.  Loses game:     	White=1     	---        Mistake:       	White=7     	Black=3      Inaccurate:     	White=4     	Black=4      OK:         	White=7     	Black=8      Best:        	White=2     	Black=1      Strong:       	White=1     	---} 0-1

[Event "ECo-C Extraliga 2023-24"]
[Site "Slovakia"]
[Date "2024.02.24"]
[Round "7.4"]
[White "Nadzamova, Viktoria"]
[Black "Krak, Tomas"]
[Result "1/2-1/2"]
[ECO "B59"]
[WhiteElo "2079"]
[BlackElo "2264"]
[Annotator "TA"]
[PlyCount "114"]
[EventDate "2023.10.06"]
[EventType "team-tourn"]
[EventCountry "SVK"]
[SourceTitle "playchess.com"]
[Source "ChessBase"]
[SourceQuality "1"]
[TimeControl "40/5400+30:1800+30"]

1. e4 c5 2. Nf3 Nc6 3. d4 cxd4 4. Nxd4 Nf6 5. Nc3 d6 6. Be2 e5 7. Nb3 Be7 8. Be3 O-O 9. O-O a5 10. a4 Nb4 11. Bf3 Be6 12. Qd2 Rc8 13. Rad1 Qc7 14. Na1 Bc4 {[%emt 0:17:59] Black is slightly better.} 15. Rfe1 Rfd8 16. b3 (16. Bg5 $15) 16... Ba6 ({Black should try} 16... d5 $1 $17 17. bxc4 dxe4) 17. Nd5 $11 Nfxd5 18. exd5 Nxc2 19. Rc1 Nxe1 20. Rxc7 Nxf3+ 21. gxf3 Rxc7 22. Bb6 $1 Rcc8 23. Bxd8 Bxd8 24. Nc2 h6 25. Ne3 Rc5 26. b4 (26. f4 $5 exf4 27. Nf5 $14) 26... axb4 27. Qxb4 Bg5 28. Qb3 g6 29. Kg2 (29. Qb6 $11 Bxe3 30. fxe3 Rxd5 31. h4) 29... Kg7 (29... Kf8 $1 $15) 30. Nf1 (30. Qb6 $11 Bxe3 31. fxe3 Rxd5 32. h4) 30... h5 $15 31. Ne3 Bd8 {[%emt 0:04:56] Repels Qb6} (31... Kf8 $15) 32. Qb2 Bg5 33. Qb3 Bf4 34. Qd1 Kf8 35. Qb3 Ke7 36. Qb6 Kd7 37. Qb3 Bg5 38. Nc2 Bd2 ({Better is} 38... Bc1 $1 $15) 39. Na3 $1 $11 Ba5 40. Nb5 b6 41. f4 {[%emt 0:03:11] Threatens to win with Qh3+.} exf4 (41... Bb7 $11 42. Qh3+ Ke7) 42. Qh3+ $14 f5 43. Qd3 (43. Qf3 $14) 43... Bxb5 ({Black should play} 43... Bc3 $1 $15) 44. axb5 $15 {[%emt 0:00:10][%mdl 4096] Endgame. KQ-KRB} Bc3 {[%emt 0:00:13] Prevents Qd4.} 45. Qe2 Be5 $1 (45... Rxd5 46. Qc4 Rc5 47. Qf7+ (47. Qxf4 Rxb5 48. Qg3 Bd4 $14) 47... Kd8 48. Qxg6 $16) 46. Qa2 Bd4 (46... Rxb5 $2 47. Qa4 $18) 47. Qa7+ {[%emt 0:01:11][%mdl 1024] White has compensation.} Rc7 48. Qa4 Be5 49. Qa8 {[%emt 0:00:18] Qg8 is the strong threat.} Rc3 50. Qb7+ Ke8 $2 (50... Rc7 $16 51. Qb8 (51. Qxb6 g5 $11) 51... g5) 51. Qxb6 $4 (51. Qh7 $18) 51... f3+ 52. Kh3 {[%emt 0:00:11] [#]} g5 $1 53. Qb8+ Kf7 54. b6 Rc4 55. Qc7+ Rxc7 56. bxc7 {[%emt 0:00:05] [#]} g4+ $2 (56... Kg6 $1 {mates} 57. c8=B g4+ 58. Kh4 Bf6+ (58... Bxh2 {leads to mate.} 59. Bd7 Bg1 60. Bxf5+ Kxf5 61. Kxh5 Bxf2 62. Kh6 Bd4 63. Kh7 f2 64. Kg8 f1=Q 65. Kf8 Kf6 66. Ke8 Qf5 67. Kd8 Bb6+ 68. Ke8 Qc8#) 59. Kg3 h4+ 60. Kf4 Bg5#) 57. Kh4 $11 Kg6 {[%emt 0:00:04] Weighted Error Value: White=0.24 (precise) /Black=0.26 (precise) .  Missed win:     	White=1     	---        Mistake:       	White=4     	Black=7      Inaccurate:     	White=4     	Black=5      OK:         	White=15    	Black=9      Best:        	White=3     	Black=3      Strong:       	White=2     	Black=1} ({Not} 57... Bf6+ $2 58. Kxh5 Ke7 59. c8=Q $18 (59. c8=B Bd4 $11)) 1/2-1/2

[Event "ECo-C Extraliga 2023-24"]
[Site "Slovakia"]
[Date "2024.02.24"]
[Round "7.5"]
[White "Pacher, Milan"]
[Black "Rigo, Zsolt"]
[Result "1-0"]
[ECO "E34"]
[WhiteElo "2365"]
[BlackElo "2399"]
[Annotator "RC"]
[PlyCount "157"]
[EventDate "2023.10.06"]
[EventType "team-tourn"]
[EventCountry "SVK"]
[SourceTitle "playchess.com"]
[Source "ChessBase"]
[SourceQuality "1"]
[TimeControl "40/5400+30:1800+30"]

1. d4 Nf6 2. c4 e6 3. Nc3 Bb4 4. Qc2 d5 5. cxd5 Qxd5 6. Nf3 Qf5 7. Qb3 Nc6 8. Bd2 a5 9. e3 O-O 10. Rc1 e5 11. d5 Ne7 12. Bc4 e4 13. Nd4 Qg5 14. g3 Bxc3 15. Bxc3 Nexd5 16. Ne2 Nxc3 17. Qxc3 Ng4 18. Nf4 c6 19. h4 Qe5 20. h5 Qxc3+ 21. Rxc3 Rd8 22. Bb3 h6 23. Rc5 Kf8 24. O-O Nf6 25. a4 Rd6 26. Rfc1 Bd7 27. R5c4 Re8 28. Bd1 Re5 29. b4 axb4 30. Rxb4 Bc8 31. Be2 Rd2 32. Ra1 Nd5 33. Nxd5 Rdxd5 34. Ra2 f5 35. Bc4 Rc5 36. Rd2 Ke7 37. Bg8 Kf8 38. Rbd4 Kxg8 39. Rd8+ Kf7 40. Rxc8 Rcd5 41. Rxd5 cxd5 42. Rd8 Kf6 43. Rd6+ Re6 44. Rxd5 Re7 45. Kg2 Kg5 46. Kh3 Kxh5 47. Rxf5+ g5 48. Rb5 Rf7 49. g4+ Kg6 50. Kg2 Re7 51. Rb6+ Kg7 52. Kf1 Kh7 53. Ke2 Kg7 54. Kd2 Rf7 55. Ke2 Re7 56. Ke1 Kh7 57. Kd2 Rf7 58. Kc3 Rxf2 59. Rxb7+ Kg6 60. a5 Ra2 61. Rb6+ Kh7 62. a6 Ra4 63. Kb3 Ra1 64. Kc4 h5 65. gxh5 g4 66. Rg6 g3 67. Kb5 Ra3 68. Rxg3 Kh6 69. Rh3 Ra1 70. Kb6 Rb1+ 71. Kc6 Ra1 72. Kb7 Rb1+ 73. Ka8 Rb6 74. a7 Rb3 75. Rg3 Kxh5 76. Rg8 Kh4 77. Re8 Rb4 78. Rb8 Ra4 79. Kb7 1-0

[Event "ECo-C Extraliga 2023-24"]
[Site "Slovakia"]
[Date "2024.02.24"]
[Round "7.5"]
[White "Kusa, Jakub"]
[Black "Vass, Frantisek"]
[Result "1-0"]
[ECO "D06"]
[WhiteElo "2350"]
[BlackElo "2310"]
[Annotator "TA"]
[PlyCount "71"]
[EventDate "2023.10.06"]
[EventType "team-tourn"]
[EventCountry "SVK"]
[SourceTitle "playchess.com"]
[Source "ChessBase"]
[SourceQuality "1"]
[TimeControl "40/5400+30:1800+30"]

1. d4 d5 2. c4 Bf5 3. cxd5 Bxb1 4. Qa4+ c6 5. Rxb1 Qxd5 6. Nf3 Nd7 7. b4 e6 8. e3 Ngf6 9. Qc2 Be7 {[%emt 0:02:49] White is slightly better.} 10. Bd3 Qh5 11. Bd2 O-O 12. h3 Rfd8 $2 {[%emt 0:07:49] [#]} (12... Bd6 $16 {is a better defense.}) 13. Ke2 $1 $18 Nf8 14. e4 {[%emt 0:07:03][%cal Be3e4,Be4e5][%mdl 32] Wards off Qd5} N6d7 (14... Rxd4 15. g4 $18) 15. g4 Qg6 16. e5 f5 17. gxf5 Qh5 18. Rbg1 (18. Rhg1 $18 exf5 19. Bxf5) 18... exf5 $16 19. Bg5 $36 {[%emt 0:02:35][%mdl 2048] White is really pushing. White is more active.} Bxg5 $4 {[%emt 0:01:44][%mdl 8192] This move loses the game for Black.} (19... Nb6 $16 {is tougher.}) 20. Rxg5 $18 Qh6 21. Rhg1 {[%emt 0:01:08] Strongly threatening Rxg7+.} (21. Rxf5 Nb6 $16) 21... Kh8 (21... Nb6 $142 22. Rxg7+ (22. Rxf5 a5 $18) (22. Bxf5 Nd5 $18) 22... Qxg7 23. Rxg7+ Kxg7) 22. Bxf5 g6 {[%emt 0:03:32] [#]} 23. h4 $1 Nb6 {[%emt 0:00:58][%cal Bd7b6,Bb6d5,Bd5e7][%mdl 32] [#]} (23... Re8 24. h5) 24. h5 $1 Nd5 {[%emt 0:00:28] [#]} (24... Rd7 25. Bxd7) 25. Qc1 $1 Ne7 26. hxg6 Nfxg6 27. Bxg6 Nxg6 28. Rh1 Qg7 29. Nh4 Kg8 30. Nxg6 {[%emt 0:00:37] White mates.} hxg6 31. Rhg1 Kh7 32. Qf4 Rd5 33. Qh4+ Qh6 34. Qxh6+ Kxh6 35. Rxg6+ Kh7 36. R6g4 {[%emt 0:00:17] Weighted Error Value: White=0.11 (very precise) /Black=0.57.  Loses game:     	---       	Black=2      Mistake:       	White=1     	Black=1      Inaccurate:     	White=1     	Black=1      OK:         	White=5     	Black=4      Best:        	White=3     	Black=2      Strong:       	White=1     	---} 1-0

[Event "ECo-C Extraliga 2023-24"]
[Site "Slovakia"]
[Date "2024.02.24"]
[Round "7.5"]
[White "Mikrut, Dariusz"]
[Black "Farkas, Gabor"]
[Result "0-1"]
[ECO "D36"]
[WhiteElo "2317"]
[BlackElo "2279"]
[Annotator "TA"]
[PlyCount "66"]
[EventDate "2023.10.06"]
[EventType "team-tourn"]
[EventCountry "SVK"]
[SourceTitle "playchess.com"]
[Source "ChessBase"]
[SourceQuality "1"]
[TimeControl "40/5400+30:1800+30"]

1. d4 d5 2. c4 e6 3. cxd5 exd5 4. Nc3 c6 5. Qc2 Nf6 6. Bg5 Be6 7. e3 Nbd7 8. Bd3 h6 9. Bh4 {[%emt 0:00:26] The position is equal.} g5 10. Bg3 Nh5 11. Nge2 Nxg3 12. Nxg3 h5 13. O-O-O h4 14. Nge2 Bg7 15. f4 {[%emt 0:06:40][%cal Bf2f4,Bf4f5][%mdl 32] [#] aiming for f5.} Nb6 16. f5 Bd7 17. Rhf1 Qc7 18. h3 O-O-O 19. Kb1 Rhe8 20. e4 dxe4 21. Nxe4 Nd5 {[%emt 0:01:48] ...Ne3 would now be deadly.} 22. Nxg5 (22. Qd2 $15) 22... Ne3 $17 {[%emt 0:02:11][%csl LRc2,LRd1,LRf1,LRg2] Black is more active.} 23. Qb3 Nxd1 (23... Nxg2 24. Rf2 (24. Nxf7 Ne3 $14) (24. Qxf7 Bh6 $11) 24... Ne3 25. Rg1 $16) 24. Qxd1 {[%emt 0:01:19] [#]} Rf8 $36 {[%emt 0:05:08][%mdl 2048] Black is really pushing.} 25. Qb3 Be8 26. f6 Bh6 27. Nf3 Bd7 ({Better is} 27... Kb8 28. Qc3 Rh8) 28. Nxh4 Bg5 29. g3 {[%emt 0:11:09] Loses the game.} (29. Nf3 $17 Bxf6 30. Nd2) 29... Bxh3 $19 30. Bf5+ Bxf5+ 31. Rxf5 Bxh4 32. gxh4 Rfe8 33. Qf3 (33. Rf2 {is a better defense.}) 33... Qh2 {[%emt 0:02:15][%csl LRe2,LRh4] Weighted Error Value: White=0.31/Black=0.06 (flawless) .  Loses game:     	White=1     	---        Mistake:       	White=2     	Black=1      Inaccurate:     	White=3     	Black=2      OK:         	White=12    	Black=20     Best:        	---       	Black=2} 0-1